 Dungeon Crawl Stone Soup version 0.31-a0-175-g9f7f995f2b (webtiles) character file.

Game seed: 5108295777596864852

169 qw the Shooter (level 5, -6/32 HPs)
             Began as a Gargoyle Hunter on June 17, 2023.
             Mangled by a gnoll
             ... wielding a +1 halberd of freezing
              (9 damage)
             ... on level 4 of the Dungeon.
             The game lasted 00:00:59 (2366 turns).

qw the Shooter (Gargoyle Hunter)                    Turns: 2366, Time: 00:00:59

Health: -6/32      AC:  7    Str: 15    XL:     5   Next: 50%
Magic:  5/5        EV: 11    Int:  9    God:
Gold:   148        SH:  0    Dex: 15    Spells: 4/4 levels left

rFire   . . .        Y - +1 shortbow
rCold   . . .        (shield currently unavailable)
rNeg    + . .        c - +0 leather armour
rPois   inf          (no helmet)
rElec   +            (no cloak)
rCorr   .            (no gloves)
SInv    .            (no boots)
Will    .....        (no amulet)
Stlth   ++           (no ring)
HPRegen 0.25/turn    (no ring)
MPRegen 0.09/turn

%: no passive effects
@: about to teleport
A: sickness immunity, AC +4, negative energy resistance 1, electricity
resistance, torment resistance 1, petrification resistance
a: no special abilities


You were on level 4 of the Dungeon.
You visited 1 branch of the dungeon, and saw 4 of its levels.

You collected 148 gold pieces.


Innate Abilities, Weirdness & Mutations

You are immune to sickness and miasma.
Your stone body is resilient. (AC +4)
You are immune to poison.
You resist negative energy. (rN+)
You are resistant to electric shocks. (rElec)
You are resistant to unholy torment.
You are immune to petrification.


   Skills:
 + Level 3.3 Fighting
 - Level 6.1 Ranged Weapons
 - Level 1.5 Dodging
 - Level 1.1 Stealth


You had 4 spell levels left.
You didn't know any spells.
Your spell library was empty.

Inventory:

Hand Weapons
 Y - a +1 shortbow (weapon)
Armour
 c - a +0 leather armour (worn)
Scrolls
 a - a scroll of fog {unknown}
 e - a scroll of identify
Potions
 b - a potion of might {unknown}
 d - a potion of curing {unknown}
 f - a potion of haste {unknown}

Dungeon Overview and Level Annotations

Branches:
Dungeon (4/15)
 Temple: D:4-7

Altars:
Nemelex Xobeh


Message History

You kill the hobgoblin!
You see here a hobgoblin corpse.
You see here a +0 kite shield of protection.
Enter note:
a - a scroll labelled MUTTYATUCS
Enter note: 3 gnolls come into view.
A gnoll is wielding a +1 halberd of freezing.
Enter note:
2356 ||| Stepping ~*~*~tactically~*~*~ (outnumbered).
The gnoll shouts! x3; You hear a shout!
The gnoll throws a throwing net.
The throwing net hits you.
You become entangled in the net!
A gnoll comes into view. It is wielding a +0 club.
You see here a throwing net.
You struggle against the net.
You struggle against the net.
You struggle against the net.
You rip the net and break free!
The gnoll misses you.
You shoot an arrow. The arrow barely misses the gnoll.
The gnoll barely misses you.
The gnoll hits you from afar with a +0 spear.
You shoot an arrow. The arrow completely misses the gnoll.
The gnoll barely misses you.
The gnoll hits you from afar with a +0 spear.
You shoot an arrow. The arrow hits the gnoll.
The gnoll is heavily wounded.
The gnoll hits you from afar with a +1 halberd of freezing!
The gnoll freezes you.
The gnoll hits you from afar with a +0 spear.
You shoot an arrow. The arrow hits the gnoll.
The gnoll is heavily wounded.
The gnoll hits you from afar with a +1 halberd of freezing!
The gnoll freezes you.
2366 ||| READING scroll of teleportation.
As you read the scroll of teleportation, it crumbles to dust.
You feel strangely unstable.
The gnoll hits you from afar with a +1 halberd of freezing!
You die...

.........................
..###.####.####.#.######
#...........#.#
#.####.######.# #.# #.#
#.##### ... #.# ##.....#
... #.# #......# ... #.#
#......# #.# #@.....#
....gg..........
..#.gg########## #..##
... #. #


You could see 4 gnolls.

Vanquished Creatures
  An iguana (D:3)
  6 adders
  An ufetubus (D:3)
  A worm (D:2)
  4 orcs
  9 endoplasms
  2 giant cockroaches (D:1)
  4 goblins
  11 hobgoblins
  3 jackals (D:3)
  4 quokkas
  4 ball pythons
  5 bats
  6 frilled lizards
  8 kobolds
  10 rats
79 creatures vanquished.

Notes
Turn   | Place    | Note
-------+----------+-------------------------------------------
     0 | D:1      | qw the Gargoyle Hunter began the quest for the Orb.
     0 | D:1      | Reached XP level 1. HP: 12/12 MP: 1/1
     0 | D:1      | 0 ||| qw: Version: 0.3-a-3-g30531e4
     0 | D:1      | 0 ||| qw: Game counter: 423
     0 | D:1      | 0 ||| qw: Always use a shield: true
     0 | D:1      | 0 ||| qw: God list: Okawaru
     0 | D:1      | 0 ||| qw: Allow faded altars: false
     0 | D:1      | 0 ||| qw: Do Orc after D:15 true
     0 | D:1      | 0 ||| qw: Do second Lair branch before Depths: true
     0 | D:1      | 0 ||| qw: Lair rune preference: random
     0 | D:1      | 0 ||| qw: Plans: Normal, Zot:1-4, Slime:5, God:TSO, Crypt,
                  | Tomb, Abyss, Pan, Hells, Win
     0 | D:1      | 0 ||| PLANNING D:1-11
   142 | D:1      | Reached XP level 2. HP: 15/17 MP: 2/2
   142 | D:1      | 142 ||| FLEEEEING.
   143 | D:1      | 143 ||| FLEEEEING.
   201 | D:1      | 201 ||| READING scroll labelled KUFUXUZ WEGO.
   321 | D:1      | Reached XP level 3. HP: 21/21 MP: 3/3
   351 | D:1      | You fall into a shaft and drop 1 floor!
   374 | D:2      | Reached skill level 5 in Ranged Weapons
   408 | D:2      | 408 ||| READING scroll labelled NODUOT ZUROEDU.
   409 | D:2      | 409 ||| DROPPING scroll of butterflies.
   688 | D:1      | 688 ||| DROPPING amulet of magic regeneration.
   776 | D:2      | Found a faded altar of an unknown god.
   797 | D:2      | Reached skill level 3 in Fighting
   811 | D:2      | Reached XP level 4. HP: 21/28 MP: 4/4
   943 | D:2      | Found a sparkling altar of Nemelex Xobeh.
  1429 | D:2      | 1429 ||| READING scroll labelled ZUIGRA HEGADD.
  1758 | D:3      | Found a sparkling altar of Nemelex Xobeh.
  1897 | D:3      | Reached XP level 5. HP: 31/32 MP: 5/5
  2010 | D:3      | Reached skill level 6 in Ranged Weapons
  2157 | D:3      | 2157 ||| READING scroll labelled LAKURO URPHILLA.
  2158 | D:3      | 2158 ||| READING 2 scrolls of identify.
  2158 | D:3      | 2158 ||| IDENTIFYING sapphire potion
  2159 | D:3      | 2159 ||| DROPPING potion of brilliance.
  2356 | D:4      | 2356 ||| Stepping ~*~*~tactically~*~*~ (outnumbered).
  2365 | D:4      | HP: 6/32 [gnoll/+1 halberd of freezing (11)]
  2366 | D:4      | 2366 ||| READING scroll of teleportation.
  2366 | D:4      | Mangled by a gnoll

Levels and vault maps discovered:
D:1:      psy_arrival_dodecagon, layout_basic, serial_forest,
          infiniplex_forest_corner_1, infiniplex_forest_end_2,
          infiniplex_forest_clump_small, infiniplex_forest_zigzag_1
D:2:      layout_basic, basic_altar, hellmonk_ecumenical_altar_zigzags,
          minivault_19
D:3:      layout_basic, nemelex_xobeh_ov_fountains_minmay
D:4:      layout_basic, temple_hall

Skill      XL: |  1  2  3  4  5 |
---------------+----------------+-----
Ranged Weapons | 5 6 |  6.1
Fighting       | 3 |  3.3
Dodging        | |  1.5
Stealth        | |  1.1

Action                     |  1- 3 |  4- 6 || total
---------------------------+-------+-------++-------
   Fire: Shortbow          |   110 |   106 ||   216
    Use: Scroll            |     2 |     4 ||     6
 Armour: Leather armour    |     9 |    22 ||    31
  Dodge: Dodged            |    14 |    27 ||    41

Table legend:
 A = Non-vault XP
 B = Vault XP
 C = Vault XP percentage of total XP
 D = Non-vault monster count
 E = Vault monster count
 F = Vault count percentage of total count
                 A         B        C        D         E       F
            +---------+---------+-------+---------+---------+-------
      Total |     242 |       0 |   0.0 |      79 |       0 |   0.0
            +---------+---------+-------+---------+---------+-------
        D:1 |      40 |       0 |   0.0 |      28 |       0 |   0.0
        D:2 |      66 |       0 |   0.0 |      22 |       0 |   0.0
        D:3 |     113 |       0 |   0.0 |      23 |       0 |   0.0
        D:4 |      23 |       0 |   0.0 |       6 |       0 |   0.0
            +---------+---------+-------+---------+---------+-------
